AoeStats
← sidhant1608

Arena

510471501Analyzed
4v4 RM · 2d ago on Oct 1, 2026· 49m 11s· 8 players
Game mode
Random Map
Map size
Large (8 player)
Population
200
Speed
Normal
Resources
Standard
Victory
Conquest
Starting age
Dark Age
Ending age
Imperial Age
RankedLock teamsTeams togetherTeam positionsShared explorationLock speedFull tech treeHidden civsTurbo modeCheats
Victory
Defeat
🇨🇦 Teutons · Canada
1053
+17
🇳🇿 Japanese · New Zealand
1049
+17
🇦🇺 Cumans · Australia
1031
+18
🇦🇺 Inca · Australia
1031
+18
🇺🇸 Koreans · United States
1309
-26
🇮🇳 Wei · India
1150
-21
🇮🇳 Huns · India
962
-39
🇺🇸 Berbers · United States
887
-29
Sean
1:57 Loom
11:35 Feudal Age
15:17 Castle Age
13:21 Double-Bit Axe
15:56 Horse Collar
16:50 Bow Saw
20:12 Wheelbarrow
23:17 Hand Cart
23:22 Heavy Plow
23:29 Gold Mining
23:45 Stone Mining
27:34 Stone Shaft Mining
29:42 Imperial Age
28:30 Bloodlines
28:38 Scale Barding Armor
29:39 Chain Barding Armor
30:03 Cavalier
31:52 Chemistry
32:37 Plate Barding Armor
31:27 Paladin
32:49 Forging
33:46 Siege Engineers
34:47 Iron Casting
35:16 Two-Man Saw
34:43 Conscription
37:52 Blast Furnace
37:30 Heavy Scorpion
46:16 Crenellations
46:25 Scale Mail Armor
46:17 Fletching
47:25 Elite Teutonic Knight
48:23 Chain Mail Armor
48:04 Bodkin Arrow
Aquillo
10:53 Feudal Age
15:16 Castle Age
13:48 Double-Bit Axe
14:58 Stone Mining
14:52 Horse Collar
15:34 Loom
16:26 Wheelbarrow
19:13 Gold Mining
19:26 Heavy Plow
19:58 Town Watch
21:08 Gold Shaft Mining
28:01 Imperial Age
26:24 Bow Saw
26:27 Squires
27:13 Forging
28:45 Iron Casting
28:13 Scale Mail Armor
29:14 Conscription
28:47 Arson
30:47 Hand Cart
30:54 Redemption
32:03 Crop Rotation
32:30 Theocracy
31:59 Devotion
31:57 Elite Kamayuk
33:13 Chain Mail Armor
34:09 Ballistics
33:55 Siege Engineers
33:31 Treadmill Crane
34:03 Masonry
33:50 Murder Holes
35:01 Town Patrol
35:33 Plate Mail Armor
36:05 Blast Furnace
36:11 Hoardings
36:49 Fabric Shields
40:38 Chemistry
39:50 Fortified Wall
41:03 Pikeman
42:29 Padded Archer Armor
42:20 Fletching
42:15 Halberdier
44:04 Thumb Ring
44:01 Andean Sling
48:18 Stone Shaft Mining
Vanvanbman
4:49 Loom
9:40 Feudal Age
10:23 Double-Bit Axe
10:22 Horse Collar
16:10 Wheelbarrow
17:12 Town Watch
22:03 Castle Age
20:03 Gold Mining
20:05 Stone Mining
22:15 Bloodlines
22:17 Forging
22:14 Scale Barding Armor
24:09 Iron Casting
23:38 Heavy Plow
23:54 Bow Saw
25:35 Chain Barding Armor
30:01 Imperial Age
30:27 Hand Cart
30:03 Cavalier
32:05 Blast Furnace
31:37 Paladin
35:29 Plate Barding Armor
scrawnny12
11:11 Feudal Age
12:12 Double-Bit Axe
12:10 Horse Collar
15:02 Castle Age
16:40 Bow Saw
17:43 Heavy Plow
21:25 Gold Mining
21:27 Fletching
24:16 Gold Shaft Mining
28:47 Imperial Age
26:58 Wheelbarrow
27:11 Guard Tower
27:42 Ballistics
27:20 Bodkin Arrow
27:21 Stone Mining
27:26 Loom
27:57 Hand Cart
28:35 Yasama
29:01 Treadmill Crane
29:32 Bracer
30:10 Keep
29:22 Arrowslits
30:52 Chemistry
30:37 Masonry
30:23 Murder Holes
32:11 Kataparuto
32:12 Conscription
33:28 Padded Archer Armor
33:00 Heavy Cavalry Archer
34:06 Parthian Tactics
34:50 Thumb Ring
36:30 Leather Archer Armor
38:03 Bloodlines
37:53 Husbandry
44:07 Siege Engineers
44:13 Fortified Wall
47:11 Ring Archer Armor
BoomPichak
11:34 Feudal Age
15:13 Castle Age
13:25 Double-Bit Axe
13:23 Horse Collar
13:56 Gold Mining
15:49 Loom
17:54 Bow Saw
19:08 Wheelbarrow
18:35 Light Cavalry
19:52 Husbandry
20:34 Bloodlines
22:49 Hand Cart
23:54 Loom
23:56 Town Watch
25:46 Fervor
30:28 Gold Shaft Mining
29:44 Stone Mining
32:55 Imperial Age
31:21 Sanctity
33:00 Fletching
33:11 Padded Archer Armor
33:47 Scale Barding Armor
33:52 Forging
34:28 Bodkin Arrow
34:34 Padded Archer Armor
35:42 Parthian Tactics
35:50 Parthian Tactics
35:32 Bracer
36:54 Leather Archer Armor
36:59 Chain Barding Armor
37:15 Iron Casting
36:11 Heavy Hei Guang Cavalry
38:07 Ballistics
38:48 Chemistry
37:19 Elite Skirmisher
38:24 Masonry
39:32 Ring Archer Armor
41:12 Blast Furnace
40:23 Thumb Ring
40:03 Treadmill Crane
40:19 Murder Holes
43:15 Conscription
Tanay
14:36 Feudal Age
16:43 Wheelbarrow
16:01 Horse Collar
21:48 Castle Age
20:26 Forging
23:44 Double-Bit Axe
30:17 Hand Cart
30:25 Fortified Wall
34:36 Imperial Age
32:42 Bow Saw
33:01 Loom
39:15 Gold Mining
39:16 Stone Mining
40:27 Heavy Camel Rider
42:12 Husbandry
sidhant1608
13:33 Feudal Age
15:16 Double-Bit Axe
19:29 Castle Age
17:30 Fletching
17:47 Scale Barding Armor
17:49 Gold Mining
19:15 Forging
19:47 Stone Mining
20:32 Horse Collar
24:18 Heavy Plow
26:06 Wheelbarrow
27:57 Gold Shaft Mining
29:10 Masonry
29:27 Hand Cart
30:36 Ballistics
30:56 Town Watch
33:55 Imperial Age
31:36 Bodkin Arrow
32:32 Crossbowman
33:37 Chain Barding Armor
33:18 Padded Archer Armor
33:19 Scale Mail Armor
33:55 Iron Casting
36:08 Chemistry
35:33 Husbandry
35:47 Bloodlines
36:01 Heavy Cavalry Archer
37:11 Parthian Tactics
36:19 Elite Genitour
38:40 Plate Barding Armor
38:21 Leather Archer Armor
38:23 Chain Mail Armor
39:21 Bracer
41:03 Thumb Ring
45:06 Town Patrol
TeKarino
5:05 Loom
12:39 Feudal Age
16:46 Castle Age
16:02 Double-Bit Axe
15:58 Horse Collar
16:09 Gold Mining
26:55 Wheelbarrow
26:06 Town Watch
26:32 Bow Saw
26:25 Heavy Plow
31:19 Imperial Age
29:54 Scale Mail Armor
30:05 Forging
30:14 Fletching
31:19 Squires
32:25 Chain Mail Armor
32:45 Iron Casting
32:20 Elite Fire Lancer
33:17 Caravan
35:08 Plate Mail Armor
36:02 Hand Cart
36:28 Bodkin Arrow
Connection lost

Rejoining the realm…

Still unreachable

The connection could not be restored.

Session expired

The server has moved on; the page needs a fresh start.